 Dungeon Crawl Stone Soup version 0.30-a0-377-g5cb311bc9f (webtiles) character file.

Game seed: 14272559834020423921

97535 Shayle the Zephyrmancer (level 15, -1/125 HPs)
             Began as a Demonspawn Reaver on Nov 28, 2022.
             Was an Elder of Ashenzari.
             Slain by a purple draconian
             ... wielding a +0 dire flail
              (11 damage)
             ... on level 3 of the Abyss on Nov 30, 2022.
             The game lasted 02:19:03 (32444 turns).

Shayle the Zephyrmancer (Demonspawn Reaver)        Turns: 32444, Time: 02:19:03

Health: -1/125     AC: 38    Str: 15    XL:     15   Next: 72%
Magic:  37/37      EV: 12    Int: 26    God:    Ashenzari [****..]
Gold:   1768       SH:  5    Dex: 15    Spells: 13/32 levels left

rFire   . . .      SeeInvis +    e - +2 spear of Fixation {protect, Int+4 SInv}
rCold   + + .      Faith    .    (no shield)
rNeg    . . .      Spirit   .    q - +7 Kryia's mail coat {PotionHeal*2 rC+}
rPois   .          Reflect  +    T - +2 helmet of Apeoromancy {Int+3, Bglg, Alch} (curse)
rElec   +          Harm     .    c - +2 cloak "Thunder Perfect Mind" {Bglg, Elem} (curse)
rCorr   +          Rampage  .    A - +2 pair of gloves "Profound Fallacy" {Str+3, Alch, Fort} (curse)
Will    +....      Clarity  +    f - +0 pair of boots
Stlth   +.........               L - amulet of Ashenzari's Planets {Reflect SH+5, Fort, Melee} (curse)
HPRegen 0.40/turn                t - ring of Ashenzari's Vexation {rC+, Elem, Self} (curse)
MPRegen 0.25/turn                W - ring of Curses and Power {Wiz rElec rCorr MP+9 Stlth-, Comp, Cun} (curse)

@: flayed, under a protective aura, studying Polearms, unable to read
A: molten scales 2, spiny 3, demonic magic 1, weakness stinger 1, fangs 1, agile
1, dopey 1, screaming 1, inability to read after injury 1
a: Renounce Religion, Curse Item, Shatter the Chains


You were on level 3 of the Abyss.
You worshipped Ashenzari.
Ashenzari was greatly pleased with you.
You visited 4 branches of the dungeon, and saw 22 of its levels.
You visited the Abyss 1 time.
You also visited: Sewer, Gauntlet and Ice Cave.

You collected 1952 gold pieces.
You spent 184 gold pieces at shops.

Inventory:

Hand Weapons
 b - a +2 hand axe of draining
 e - the +2 spear of Fixation (weapon) {protect, Int+4 SInv}
   (You bought it in a shop on level 4 of the Dungeon)

   It grants its wielder temporary protection when it strikes (+7 to AC).
   Int:       It affects your intelligence (+4).
   SInv:      It lets you see invisible.
 D - a +2 vorpal broad axe
Missiles
 F - 2 throwing nets
 I - 2 curare-tipped darts (quivered)
Armour
 c - the cursed +2 cloak "Thunder Perfect Mind" (worn) {Bglg, Elem}
   (You found it on level 1 of the Dungeon)

   It has a curse which improves the following skills: Beguiling: Conjurations,
   Hexes and Translocations.
   Elements:  Fire Magic, Ice Magic, Air Magic and Earth Magic.
 f - a +0 pair of boots (worn)
 q - the +7 Kryia's mail coat (worn) {PotionHeal*2 rC+}
   (You found it on level 3 of the Dungeon)

   Potions are twice as effective at healing its wearer.
   rC:        It protects you from cold.
 A - the cursed +2 pair of gloves "Profound Fallacy" (worn) {Str+3, Alch, Fort}
   (You found it on level 4 of the Dungeon)

   It has a curse which improves the following skills: Alchemy: Poison Magic and
   Transmutations.
   Fortitude: Armour and Shields.
 K - the +3 ring mail of the Watchman {rF+ rC+}
   (You took it off a minotaur in a Gauntlet)

   rF:        It protects you from fire.
   rC:        It protects you from cold.
 N - a +2 robe of the Archmagi
 S - a +1 cloak of preservation
 T - the cursed +2 helmet of Apeoromancy (worn) {Int+3, Bglg, Alch}
   (You found it in a Gauntlet)

   It has a curse which improves the following skills: Beguiling: Conjurations,
   Hexes and Translocations.
   Alchemy:   Poison Magic and Transmutations.
Jewellery
 r - the ring of Itol {rN+ Str+2 Int+3}
   (You found it in a Gauntlet)

   [ring of positive energy]

   Str:       It affects your strength (+2).
   Int:       It affects your intelligence (+3).
   rN:        It protects you from negative energy.
 t - the cursed ring of Ashenzari's Vexation (left hand) {rC+, Elem, Self}
   (You found it on level 3 of the Dungeon)

   [ring of protection from cold]

   rC:        It protects you from cold.
   It has a curse which improves the following skills: Elements: Fire Magic, Ice
   Magic, Air Magic and Earth Magic.
   Introspection: Fighting and Spellcasting.
 y - the ring "Aczur" {rF+ rC+ EV+4 Str-4 Int+4}
   (You found it on level 4 of the Lair of Beasts)

   [ring of evasion]

   EV:        It affects your evasion (+4).
   Str:       It affects your strength (-4).
   Int:       It affects your intelligence (+4).
   rF:        It protects you from fire.
   rC:        It protects you from cold.
 L - the cursed amulet of Ashenzari's Planets (around neck) {Reflect SH+5, Fort, Melee}
   (You found it on level 10 of the Dungeon)

   [amulet of reflection]

   It reflects blocked missile attacks.
   SH:        It affects your SH (+5).
   It has a curse which improves the following skills: Fortitude: Armour and
   Shields.
   Melee Combat: Short Blades, Long Blades, Axes, Maces & Flails, Polearms,
   Staves and Unarmed Combat.
 W - the cursed ring of Curses and Power (right hand) {Wiz rElec rCorr MP+9 Stlth-, Comp, Cun}
   (You found it on level 13 of the Dungeon)

   [ring of wizardry]

   It improves your spell success rate.
   rElec:     It insulates you from electricity.
   MP:        It affects your magic capacity (+9).
   rCorr:     It protects you from acid and corrosion.
   Stlth:     It makes you less stealthy.
   It has a curse which improves the following skills: Companions: Summonings
   and Necromancy.
   Cunning:   Dodging and Stealth.
Wands
 d - a wand of roots (12)
 p - a wand of mindburst (28)
 G - a wand of charming (20)
 X - a wand of light (26)
Scrolls
 g - 2 scrolls of immolation
 h - 11 scrolls of teleportation
 j - a scroll of summoning
 k - 3 scrolls of magic mapping
 l - 4 scrolls of poison
 n - 3 scrolls of fog
 s - 11 scrolls of vulnerability
 C - 4 scrolls of silence
 O - 5 scrolls of blinking
 P - 2 scrolls of fear
Potions
 i - 3 potions of flight
 m - 5 potions of lignification
 o - a potion of ambrosia
 w - a potion of cancellation
 z - a potion of resistance
 E - 4 potions of might
 M - a potion of haste
 Q - 4 potions of magic
 R - 7 potions of brilliance
Miscellaneous
 v - a condenser vane (inert)


   Skills:
 - Level 12.0(13.9) Fighting
 - Level 2.6(4.3) Axes
 - Level 9.0(12.0) Armour
 + Level 4.7(6.6) Dodging
 - Level 5.0(6.9) Stealth
 + Level 11.0(12.9) Unarmed Combat
 - Level 7.2(9.2) Spellcasting
 - Level 5.7(8.7) Conjurations
 - Level 1.6(3.6) Hexes
 + Level 11.0(13.9) Transmutations
 + Level 12.8(15.7) Air Magic


You had 13 spell levels left.
You knew the following spells:

 Your Spells              Type           Power      Damage    Failure   Level
a - Kiss of Death         Conj/Necr      100%       2d13      1%          1
b - Hailstorm             Conj/Ice       35%        3d9       2%          3
c - Airstrike             Air            38%        2d(6-22)  1%          4
d - Summon Lightning Spi  Summ/Air       52%        N/A       2%          4
e - Storm Form            Tmut/Air       36%        N/A       11%         7

Your spell library contained the following spells:

 Spells                   Type           Power      Damage    Failure   Level
 Beastly Appendage        Tmut           100%       N/A       1%          1
 Momentum Strike          Conj/Tloc      70%        3d9       1%          2
 Passwall                 Tmut/Erth      40%        N/A       1%          2
 Wereblood                Tmut           71%        N/A       1%          2
 Dazzling Flash           Conj/Hex       88%        N/A       1%          3
 Spider Form              Tmut/Pois      49%        N/A       1%          3
 Swiftness                Air            76%        N/A       1%          3
 Blade Hands              Tmut           35%        N/A       1%          5
 Irradiate                Conj/Tmut      31%        3d22      1%          5
 Lightning Bolt           Conj/Air       33%        1d50      1%          5
 Ensorcelled Hibernation  Hex/Ice        44%        N/A       3%          2
 Ice Form                 Ice/Tmut       49%        N/A       3%          4
 Freeze                   Ice            56%        1d7       4%          1
 Yara's Violent Unravell  Hex/Tmut       27%        3d12      4%          5
 Blink                    Tloc           28%        N/A       8%          2
 Inner Flame              Hex/Fire       22%        N/A       8%          3
 Iskenderun's Mystic Bla  Conj/Tloc      35%        2d8       9%          4
 Cause Fear               Hex            15%        N/A       12%         4
 Lesser Beckoning         Tloc           28%        N/A       14%         3
 Dragon Form              Tmut           35%        N/A       16%         7
 Manifold Assault         Tloc           14%        N/A       41%         4
 Summon Ice Beast         Ice/Summ       13%        N/A       43%         4
 Starburst                Conj/Fire      17%        6d6       75%         6
 Simulacrum               Ice/Necr       6%         N/A       99%         6
 Enfeeble                 Hex            15%        N/A       100%        7
 Discord                  Hex            15%        N/A       100%        8


Dungeon Overview and Level Annotations

Branches:
Dungeon (13/15)            Temple (1/1) D:4            Lair (5/5) D:9
  Swamp (3/4) Lair:3        Snake (0/4) Lair:2        Slime (0/5) Lair:4
    Orc (0/2) D:10         Vaults (0/5) D:13          Sewer (visited)
  IceCv (visited)         Gauntlet (visited)

Altars:
Ashenzari
Dithmenos
Gozag
Hepliaklqana
Kikubaaqudgha
Makhleb
Okawaru
Qazlal
Trog
Vehumet
Wu Jian
Xom
Yredelemnul

Shops:
D:4 (   D:12 (

Portals:
Hell: Lair:5

Annotations:
D:6 2 transporters, porpoise's ghost, novice TeHu
D:11 exclusion: statue
Swamp:2 3 runed translucent doors, Lisott's ghost, adept TrDe
Swamp:3 Louise


Innate Abilities, Weirdness & Mutations

You are mostly covered in molten scales. (AC +3)
You are completely covered in sharp spines.
Spells you cast may paralyse adjacent enemies.
You have a small tail.
You have very sharp teeth.
You are agile. (Dex +4, Str/Int -1)
You are dopey. (Int -2)
You occasionally shout uncontrollably at your foes.
You occasionally lose the ability to read scrolls when taking damage.


Message History

The purple draconian is lightly wounded.
The purple draconian breathes dispelling energy at you.
The bolt of dispelling energy hits you!
* * * LOW HITPOINT WARNING * * *
The large abomination is struck by your spines.
The large abomination hits you but does no damage.
The purple draconian attacks as you move away!
The purple draconian is struck by your spines.
The purple draconian hits you with a +0 dire flail.
* * * LOW HITPOINT WARNING * * *
A starcursed mass splits.
Unknown command.
You hit the large abomination but do no damage.
Your tail-slap misses the large abomination.
The large abomination is lightly damaged.
The purple draconian hits you with a +0 dire flail!
* * * LOW HITPOINT WARNING * * *
A deafening chorus of shrieks assaults your mind!
* * * LOW HITPOINT WARNING * * *
You suddenly lose the ability to move!
The large abomination is struck by your spines.
The large abomination hits you but does no damage.
You can move again.
You hit the large abomination but do no damage.
You tail-slap the large abomination, but do no damage.
The large abomination is lightly damaged.
The purple draconian hits you but does no damage.
The large abomination hits you.
* * * LOW HITPOINT WARNING * * *
Unknown command.
Clouds of poison gas condense around you!
The condenser dries out!
The flayed ghost stares at you with tortured malice.
Terrible wounds open up all over your body!
* * * LOW HITPOINT WARNING * * *
The purple draconian is engulfed in poison gas.
The purple draconian is poisoned.
The purple draconian is struck by your spines.
The purple draconian hits you with a +0 dire flail!
You die...

,* * # .X.#.....### #
, ** *
,#..#W§#.#.#.#..**#.*
* * #.#..#§§#X.{##..
. # * *, ,,,#
####xW#. .###... , **
,, , ##X#{{###.#
.#,., **,#zW##§# .,#
.. # * , , , ,
,#X#XXX# .# .# . , *
, #dX#{ #. .# #., , ,
,,,, #@###§#..,.* ...
* *,, , , ####X.#.##
* * *, ,, , * #X{,..
, * , ..# #** * , ,,
,, , #..# ,, , , * **
*, * *#. ** ,* *
,*,,, * , * ,, , * ,
,, * , ** ,*, *. *, ,
* , ,


You could see 4 starcursed masses, a purple draconian (poisoned), a flayed
ghost, a large abomination, a wraith, a small abomination and a flying skull.

Vanquished Creatures
  A tentacled starspawn (Abyss:3)
  A thorn hunter (Swamp:1)
  A cacodemon (Gauntlet)
  A minotaur (Gauntlet)
  3 bunyips
  A dire elephant (Lair:5)
  3 eleionomae
  Josephine (Lair:4)
  12 hydras
  3 centaur warriors (D:13)
  A boulder beetle (Lair:5)
  A catoblepas (Lair:5)
  5 death yaks
  2 dancing weapons (D:13)
  4 alligators
  A two-headed ogre (D:11)
  A tengu warrior (D:13)
  A thrashing horror (Abyss:3)
  A sixfirhy (Lair:5)
  2 goliath frogs
  3 spriggan druids
  2 bog bodies (Swamp:2)
  A lindwurm (Lair:5)
  A wizard (Lair:5)
  Pikel (D:9)
  3 deep elf pyromancers
  A cyclops (D:12)
  A will-o-the-wisp (Swamp:1)
  Joseph (D:7)
  15 elephants
  Maurice (D:13)
  An ice statue (IceCv)
  A smoke demon (Abyss:3)
  3 manticores
  3 orange demons (Lair:5)
  2 torpor snails
  Maggie (Lair:1)
  8 cane toads
  2 unseen horrors (D:11)
  9 black mambas
  A freezing wraith (IceCv)
  A demonic crawler (Abyss:3)
  An unseen horror zombie (D:8)
  Psyche (D:11)
  5 rime drakes
  A tengu conjurer (D:13)
  13 komodo dragons
  An ice devil (Lair:5)
  A hellwing (Lair:5)
  4 trolls (D:12)
  5 polar bears
  A bloated husk (Swamp:1)
  4 slime creatures (D:13)
  6 tyrant leeches
  9 hornets
  10 blink frogs
  4 raiju (Abyss:3)
  2 dream sheep (Lair:5)
  7 flying skulls (Abyss:3)
  4 wraiths (Lair:4)
  62 yaks
  8 spriggans
  6 shadows
  3 wyverns
  A human (shapeshifter) (D:13)
  10 vampire mosquitoes
  A large abomination (Abyss:3)
  4 basilisks
  A neqoxec (Gauntlet)
  A steam dragon (D:8)
  Menkaure (D:6)
  13 swamp worms
  29 water moccasins
  4 hell hounds (Lair:5)
  A small abomination (Abyss:3)
  Pargi (Sewer)
  An ice beast (D:5)
  4 ogres
  4 black bears
  6 wolves
  15 centaurs
  A phantom (D:5)
  3 lemures (D:9)
  3 kobold brigands
  2 necrophages (D:8)
  3 gnoll sergeants
  3 scorpions
  18 bullfrogs
  A cane toad simulacrum (IceCv)
  7 wights
  4 killer bees (D:11)
  An elephant simulacrum (IceCv)
  4 howler monkeys
  2 electric eels
  A starcursed mass (Abyss:3)
  A crimson imp (D:7)
  3 hounds
  A human zombie (D:8)
  2 jellies (D:7)
  Ijyb (D:5)
  Natasha (twice) (D:3)
  3 iguanas
  3 orc wizards
  A killer bee zombie (D:8)
  4 mummies (D:8)
  A howler monkey zombie (D:8)
  12 gnolls
  5 adders
  A shadow imp (D:6)
  3 white imps
  2 ufetubi
  2 worms
  2 dart slugs
  11 orcs
  8 endoplasms
  7 giant cockroaches
  3 goblins
  4 hobgoblins
  6 quokkas
  4 ball pythons
  7 bats
  2 frilled lizards
  27 kobolds
  11 rats
  A starspawn tentacle (Abyss:3)
556 creatures vanquished.

Vanquished Creatures (collateral kills)
  A tengu warrior (D:13)
  A death yak (Lair:4)
  2 ugly things
  3 elephants
  2 ice statues (IceCv)
  An orange demon (Lair:5)
  2 spriggans (Swamp:1)
  A yak (Lair:4)
  A dire elephant simulacrum (IceCv)
  A hydra simulacrum (IceCv)
  2 cane toad simulacra (IceCv)
  2 elephant simulacra (IceCv)
19 creatures vanquished.

Vanquished Creatures (others)
  2 foxfires (Swamp:1)
  68 fungi
  A lurking horror (Abyss:3)
  125 plants
  2 starspawn tentacles (Abyss:3)
198 creatures vanquished.

Grand Total: 773 creatures vanquished

Notes
Turn   | Place    | Note
-------+----------+-------------------------------------------
     0 | D:1      | Shayle the Demonspawn Reaver began the quest for the Orb.
     0 | D:1      | Reached XP level 1. HP: 16/16 MP: 3/3
   431 | D:1      | Gained mutation: You are partially covered in sharp spines.
                  | [demonic ancestry]
   431 | D:1      | Reached XP level 2. HP: 22/22 MP: 5/5
   433 | D:1      | Found a faded altar of an unknown god.
   536 | D:1      | Reached skill level 1 in Stealth
   722 | D:2      | HP: 1/23 [frozen (4)]
   823 | D:2      | Reached skill level 1 in Armour
  1114 | D:2      | Identified the +0 ring mail of the Unbroken {Rampage Will-
                  | Str-3 Dex+8}
  1426 | D:2      | Reached XP level 3. HP: 28/28 MP: 6/6
  1707 | D:3      | Found the +7 Kryia's mail coat {PotionHeal*2 rC+}
  1734 | D:3      | Found an ornate altar of the Wu Jian Council.
  1862 | D:3      | Noticed Natasha
  1868 | D:3      | Killed Natasha
  1869 | D:3      | Reached XP level 4. HP: 35/35 MP: 7/7
  1969 | D:3      | Found a broken altar of Ashenzari.
  1981 | D:3      | Became a worshipper of Ashenzari the Shackled
  2055 | D:3      | Noticed Natasha
  2061 | D:3      | Killed Natasha
  2368 | D:4      | Found Kezxaz Gahi's Antique Weapon Boutique.
  2401 | D:4      | Found an iron altar of Okawaru.
  2450 | D:4      | Gained mutation: You are mostly covered in sharp spines.
                  | [demonic ancestry]
  2450 | D:4      | Reached XP level 5. HP: 32/42 MP: 8/8
  2525 | D:4      | Found a stormy altar of Qazlal.
  2568 | D:4      | Found an ancient bone altar of Kikubaaqudgha.
  2585 | D:4      | Noticed an ogre
  2594 | D:4      | Killed an ogre
  2703 | D:4      | Gained mutation: You are partially covered in molten
                  | scales. (AC +2) [demonic ancestry]
  2703 | D:4      | Reached XP level 6. HP: 49/49 MP: 9/9
  2712 | D:4      | Found a staircase to the Ecumenical Temple.
  2720 | Temple   | Entered the Ecumenical Temple
  2885 | D:5      | Entered Level 5 of the Dungeon
  2976 | D:5      | Noticed a hornet
  2984 | D:5      | Killed a hornet
  2986 | D:5      | Gained mutation: You are completely covered in sharp
                  | spines. [demonic ancestry]
  2986 | D:5      | Reached XP level 7. HP: 46/56 MP: 10/10
  3141 | D:5      | Noticed Ijyb
  3146 | D:5      | Killed Ijyb
  3154 | D:5      | Reached skill level 5 in Fighting
  4249 | D:6      | Found a glowing drain.
  4263 | Sewer    | Entered a sewer
  4302 | Sewer    | Noticed Pargi
  4312 | Sewer    | Killed Pargi
  4313 | Sewer    | Reached skill level 5 in Stealth
  4419 | D:6      | Reached XP level 8. HP: 35/64 MP: 11/11
  4563 | D:6      | Noticed Menkaure
  4571 | D:6      | Killed Menkaure
  4572 | D:6      | Reached skill level 5 in Armour
  4799 | D:6      | Reached * piety under Ashenzari
  4833 | D:6      | Found a transporter.
  4912 | D:6      | Noticed porpoise's ghost (novice TeHu)
  5278 | D:6      | Found a transporter.
  5479 | D:7      | Found a shadowy altar of Dithmenos.
  5532 | D:7      | Reached skill level 1 in Air Magic
  5555 | D:7      | Noticed Joseph
  5830 | D:8      | Reached XP level 9. HP: 61/74 MP: 14/14
  5902 | D:8      | Learned a level 3 spell: Hailstorm
  5933 | D:8      | Noticed a moth of wrath
  5937 | D:8      | Found a bloodstained altar of Trog.
  6053 | D:8      | Found a basalt altar of Yredelemnul.
  6753 | D:9      | Noticed Pikel
  6761 | D:9      | Killed Pikel
  6762 | D:9      | Reached skill level 5 in Spellcasting
  6762 | D:9      | Gained mutation: Spells you cast may paralyse adjacent
                  | enemies. [demonic ancestry]
  6762 | D:9      | Reached XP level 10. HP: 64/83 MP: 18/18
  6970 | D:9      | Found a staircase to the Lair.
  7333 | D:9      | Reached skill level 5 in Air Magic
  7614 | D:10     | Entered Level 10 of the Dungeon
  7614 | D:10     | Found a staircase to the Orcish Mines.
  7991 | D:10     | Found a hazy altar of Hepliaklqana.
  8112 | D:10     | Reached XP level 11. HP: 91/91 MP: 21/21
  8736 | D:11     | Noticed a two-headed ogre
  8747 | D:11     | Killed a two-headed ogre
  8951 | D:11     | Noticed Psyche
  9064 | D:11     | Killed Psyche
  9065 | D:11     | Reached skill level 5 in Conjurations
  9201 | D:11     | Found a radiant altar of Vehumet.
  9247 | D:11     | Noticed a purple ugly thing
  9330 | Lair:1   | Entered Level 1 of the Lair of Beasts
  9499 | Lair:1   | Noticed Maggie
  9727 | Lair:1   | Killed Maggie
  9728 | Lair:1   | Reached skill level 10 in Fighting
 10609 | Lair:2   | Found a staircase to the Snake Pit.
 10621 | Lair:2   | Reached skill level 1 in Unarmed Combat
 10621 | Lair:2   | Reached skill level 1 in Transmutations
 10644 | Lair:2   | Found a gate leading to a gauntlet.
 10657 | Gauntlet | Entered a Gauntlet
 10657 | Gauntlet | Found a transporter.
 10664 | Gauntlet | Noticed a sixfirhy
 10680 | Gauntlet | Found a transporter.
 10680 | Gauntlet | Found a transporter.
 10681 | Gauntlet | Found a transporter.
 10692 | Gauntlet | Found a transporter.
 10693 | Gauntlet | Found a transporter.
 10693 | Gauntlet | Found a transporter.
 10697 | Gauntlet | Found a runed translucent door.
 10697 | Gauntlet | Found a runed translucent door.
 10697 | Gauntlet | Noticed a cacodemon
 10701 | Gauntlet | Found a transporter.
 10701 | Gauntlet | Identified the ring of Itol {rN+ Str+2 Int+3}
 10704 | Gauntlet | Found a transporter.
 10705 | Gauntlet | Found a transporter.
 10707 | Gauntlet | Noticed a blizzard demon
 10713 | Gauntlet | Found a transporter.
 10716 | Gauntlet | Found a transporter.
 10717 | Gauntlet | Found a transporter.
 10725 | Gauntlet | Noticed a death drake
 10726 | Gauntlet | Identified the +3 helmet of the Tanner {-Cast Harm rN+}
 10730 | Gauntlet | Found a transporter.
 10774 | Gauntlet | Found a runed translucent door.
 11138 | Gauntlet | Gained mutation: You sometimes lose your temper in combat.
                  | [a neqoxec]
 11141 | Gauntlet | Gained mutation: You are frail. (-10% HP) [a neqoxec]
 11158 | Gauntlet | Gained mutation: You are dopey. (Int -2) [a cacodemon]
 11159 | Gauntlet | Gained mutation: You occasionally lose the ability to read
                  | scrolls when taking damage. [a cacodemon]
 11162 | Gauntlet | Killed a cacodemon
 11163 | Gauntlet | Gained mutation: You are mostly covered in molten scales.
                  | (AC +3) [demonic ancestry]
 11163 | Gauntlet | Reached XP level 12. HP: 10/90 MP: 24/24
 11344 | Gauntlet | Lost mutation: You occasionally lose the ability to read
                  | scrolls when taking damage. [potion of mutation]
 11344 | Gauntlet | Lost mutation: You are frail. (-10% HP) [potion of
                  | mutation]
 11344 | Gauntlet | Lost mutation: You sometimes lose your temper in combat.
                  | [potion of mutation]
 11344 | Gauntlet | Gained mutation: Potions are less effective at restoring
                  | your health. [potion of mutation]
 11344 | Gauntlet | Gained mutation: You have large cloven feet. [potion of
                  | mutation]
 11344 | Gauntlet | Gained mutation: You have a pair of small antennae on your
                  | head. [potion of mutation]
 11345 | Gauntlet | Lost mutation: You have large cloven feet. [potion of
                  | mutation]
 11345 | Gauntlet | Lost mutation: Potions are less effective at restoring your
                  | health. [potion of mutation]
 11345 | Gauntlet | Gained mutation: You have hidden genetic potential. [potion
                  | of mutation]
 11345 | Gauntlet | Gained mutation: You expend magic power (3 MP) to
                  | strengthen your wands. [potion of mutation]
 11346 | Gauntlet | Lost mutation: You expend magic power (3 MP) to strengthen
                  | your wands. [potion of mutation]
 11346 | Gauntlet | Lost mutation: You have a pair of small antennae on your
                  | head. [potion of mutation]
 11346 | Gauntlet | Gained mutation: You have a pair of small horns on your
                  | head. [potion of mutation]
 11346 | Gauntlet | Gained mutation: You occasionally lose the ability to read
                  | scrolls when taking damage. [potion of mutation]
 11346 | Gauntlet | Gained mutation: You are strong-willed. (Will+) [potion of
                  | mutation]
 11347 | Gauntlet | Lost mutation: You have hidden genetic potential. [potion
                  | of mutation]
 11347 | Gauntlet | Lost mutation: You are strong-willed. (Will+) [potion of
                  | mutation]
 11347 | Gauntlet | Lost mutation: You have a pair of small horns on your head.
                  | [potion of mutation]
 11347 | Gauntlet | Gained mutation: You occasionally shout uncontrollably at
                  | your foes. [potion of mutation]
 11347 | Gauntlet | Gained mutation: You have very sharp teeth. [potion of
                  | mutation]
 11347 | Gauntlet | Gained mutation: You are agile. (Dex +4, Str/Int -1)
                  | [potion of mutation]
 11385 | Gauntlet | Learned a level 4 spell: Airstrike
 11390 | Gauntlet | Learned a level 4 spell: Summon Lightning Spire
 11403 | Gauntlet | Identified the +3 ring mail of the Watchman {rF+ rC+}
 11403 | Gauntlet | Noticed a minotaur
 11422 | Gauntlet | Killed a minotaur
 11441 | Gauntlet | Identified the cursed +2 cloak "Thunder Perfect Mind"
                  | {Bglg, Elem} (You found it on level 1 of the Dungeon)
 11687 | Gauntlet | Identified the Quarto of the Endless Teeth
 13266 | Lair:3   | Noticed a seven-headed hydra
 13514 | Lair:3   | Reached ** piety under Ashenzari
 13550 | Lair:3   | Noticed a four-headed hydra
 13781 | D:4      | Bought a smoking spear for 184 gold pieces
 13781 | D:4      | Identified the +2 spear of Fixation {protect, Int+4 SInv}
                  | (You bought it in a shop on level 4 of the Dungeon)
 13843 | D:7      | Killed Joseph
 13844 | D:7      | Reached skill level 5 in Unarmed Combat
 13844 | D:7      | Reached skill level 5 in Transmutations
 13852 | D:7      | Learned a level 7 spell: Storm Form
 14503 | D:7      | Found a burning altar of Makhleb.
 14504 | D:7      | Found a radiant altar of Vehumet.
 14817 | Lair:3   | Killed a seven-headed hydra
 14937 | Lair:3   | Reached XP level 13. HP: 97/109 MP: 25/25
 15787 | Lair:3   | Found a staircase to the Swamp.
 16951 | Lair:4   | Noticed Josephine
 16960 | Lair:4   | Killed Josephine
 17104 | Lair:4   | Identified the ring "Aczur" {rF+ rC+ EV+4 Str-4 Int+4}
 17554 | Lair:4   | Found a staircase to the Slime Pits.
 18124 | Lair:5   | Entered Level 5 of the Lair of Beasts
 18337 | Lair:5   | Reached skill level 10 in Air Magic
 19637 | Lair:5   | Identified the +0 robe of Darch {Str+5}
 19719 | Lair:5   | Gained mutation: You have a small tail. [demonic ancestry]
 19719 | Lair:5   | Reached XP level 14. HP: 69/118 MP: 7/26
 20083 | Lair:5   | Identified the +3 ring mail of Ofih {Regen+}
 22164 | Lair:5   | Found a burning altar of Makhleb.
 22754 | Lair:5   | Found a gateway to Hell.
 24381 | D:12     | Found Edghoixkon's Antique Weapon Shop.
 24933 | D:13     | Noticed Maurice
 24942 | D:13     | Killed Maurice
 25283 | D:13     | Identified the ring of Attitude {Wiz rElec rCorr MP+9
                  | Stlth-}
 25293 | D:13     | Found a frozen archway.
 25344 | IceCv    | Entered an ice cave
 26841 | IceCv    | Identified the Catalogue of Duck's Teeth
 28359 | D:13     | Reached *** piety under Ashenzari
 28548 | D:13     | Reached skill level 10 in Unarmed Combat
 28548 | D:13     | Reached skill level 10 in Transmutations
 28671 | D:13     | Reached XP level 15. HP: 95/124 MP: 18/27
 28922 | D:13     | Found a gate to the Vaults.
 29257 | Swamp:1  | Entered Level 1 of the Swamp
 29257 | Swamp:1  | Noticed a thorn hunter
 29264 | Swamp:1  | Killed a thorn hunter
 29335 | Swamp:1  | Identified the cursed +2 helmet of Apeoromancy {Int+3,
                  | Bglg, Alch} (You found it in a Gauntlet)
 29335 | Swamp:1  | Identified the cursed +2 pair of gloves "Profound Fallacy"
                  | {Str+3, Alch, Fort} (You found it on level 4 of the
                  | Dungeon)
 29362 | Swamp:1  | Reached skill level 1 in Hexes
 29949 | Swamp:1  | Identified the +1 ring mail of the Minstrel {rF+ Regen+
                  | Str+3}
 30743 | Swamp:1  | Reached **** piety under Ashenzari
 30838 | Swamp:2  | Noticed Lisott's ghost (adept TrDe)
 30838 | Swamp:2  | Noticed a tentacled monstrosity
 30860 | Swamp:2  | Found a runed translucent gate.
 30860 | Swamp:2  | Found a runed translucent gate.
 30876 | Swamp:2  | Found a runed translucent gate.
 31526 | Swamp:3  | Noticed Louise
 32032 | Abyss:3  | Found a corrupted altar of Lugonu.
 32032 | Abyss:3  | Cast into level 3 of the Abyss (Louise)
 32199 | Abyss:3  | Found a burning altar of Makhleb.
 32334 | Abyss:3  | Noticed a tentacled starspawn
 32341 | Abyss:3  | Killed a tentacled starspawn
 32408 | Abyss:3  | Paralysed by accursed screaming for 1 turns
 32420 | Abyss:3  | HP: 2/125 [starcursed mass/accursed screaming (8)]
 32442 | Abyss:3  | Paralysed by accursed screaming for 1 turns
 32444 | Abyss:3  | Slain by a purple draconian

Illustrated notes

Levels and vault maps discovered:
D:1:      kennysheep_arrival_seaside, layout_basic, basic_ecumenical_altar,
          kennysheep_flooded_box, minmay_misc_feat_tiny
D:2:      layout_basic, minmay_misc_feat_x
D:3:      layout_loops_ring, nicolae_overflow_crystal_walls,
          mainiacjoe_overflow_alcove_4, uniq_natasha
D:4:      layout_cave_pools, okawaru_metal_pillars_1_2, lemuel_crystal_altar,
          kennysheep_little_box, minmay_temple_entry_hall, serial_shops,
          nicolae_shop_hallway_stairs
D:5:      layout_layer_cave, uniq_ijyb
D:6:      layout_gridville, portal_sewer_entry_b, gammafunk_ghost_hive,
          uniq_menkaure
D:7:      layout_layer_cave, grunt_temple_overflow_lords_of_destruction,
          amcnicky_altar_gilded, grunt_decor_mini_mirrors, uniq_joseph
D:8:      layout_rooms, lemuel_mausoleum_altar_yredelemnul, tgw_trog,
          mainiacjoe_overflow_24_doors
D:9:      layout_basic, due_lair_maze_entry_diamond, uniq_pikel
D:10:     layout_irregular_city, mainiacjoe_overflow_alcove_2, orc_0_dummy,
          bh_walls_and_bars
D:11:     layout_roguey, kennysheep_cross_room, vehumet_statue, uniq_psyche
D:12:     layout_cave_pods, serial_shops, nicolae_square_shop
D:13:     layout_layer_cave, erik_vaults_1, portal_ice_cave_rime, uniq_maurice
Temple:   nicolae_temple_two_arcs
Lair:1:   layout_loops_ring, minivault_25, beast_lair_carwin_2,
          serial_bayou_shore_a, uniq_maggie
Lair:2:   layout_roguey, minmay_snake_entry_six_corridors,
          gauntlet_entry_generic, beast_lair_carwin_6
Lair:3:   layout_hall_layers, minmay_swamp_entry_worms
Lair:4:   layout_cave_pods, slime_entry_1, chequers_serial_rivers_micro_d,
          nicolae_lair_grazing_beasts [nicolae_sub_lair_graze_edge,
          nicolae_sub_lair_graze_edge, nicolae_sub_lair_graze_edge,
          nicolae_sub_lair_graze_edge], lemuel_fruit_fields, uniq_josephine
Lair:5:   evil_forest, layout_misc_corridors, minmay_shattered_shrine
Swamp:1:  layout_basic_swamp, evilmike_swamp_ruin_house_4, swamp_pool1
Swamp:2:  layout_basic_swamp, gammafunk_ghost_split, hangedman_swamp_blocks
Swamp:3:  layout_basic_swamp, serial_swamp_ruin, hangedman_swamp_ruin_wall,
          evilmike_swamp_ruin_rubble_2, evilmike_swamp_ruin_wall, swamp_pool5,
          uniq_louise, uniq_aizul
Abyss:3:  base:
D:11

Skill      XL: |  1  2  3  4  5  6  7  8  9 10 11 12 13 14 15 |
---------------+----------------------------------------------+-----
Stealth        | 1 2 3 4 5 |  5.0
Armour         | 1 2 3 4 6 7 8 9 |  9.0
Fighting       | 3 4 5 7 8 9 10 11 12 | 12.0
Air Magic      | 2 4 5 7 8 10 12 | 12.8
Spellcasting   | 3 5 6 7 |  7.2
Conjurations   | 4 5 |  5.7
Unarmed Combat | 2 5 7 10 11 | 11.0
Transmutations | 2 5 7 10 11 | 11.0
Dodging        | 4 |  4.7
Hexes          | 1 |  1.6
Axes           | |  2.6

Action                   |  1- 3 |  4- 6 |  7- 9 | 10-12 | 13-15 || total
-------------------------+-------+-------+-------+-------+-------++-------
Melee: Hand axe          |    76 |    28 |   141 |   363 |   122 ||   730
       Falchion          |       |    28 |    76 |       |       ||   104
       Punch             |       |     1 |       |    12 |    77 ||    90
       Broad axe         |       |       |       |    97 |       ||    97
       Bite              |       |       |       |    28 |   119 ||   147
       Spear             |       |       |       |    25 |   523 ||   548
       Tailslap          |       |       |       |       |   109 ||   109
       Unarmed           |       |       |       |       |   154 ||   154
Throw: Dart              |       |       |       |     1 |       ||     1
 Cast: Hailstorm         |       |       |       |    11 |    13 ||    24
       Airstrike         |       |       |       |    21 |   336 ||   357
       Summon Lightning  |       |       |       |     1 |    23 ||    24
       Storm Form        |       |       |       |       |    16 ||    16
Invok: Curse Item        |       |     1 |     1 |     1 |     3 ||     6
 Abil: Blinkbolt         |       |       |       |       |     9 ||     9
Evoke: Wand              |       |       |     1 |     4 |     4 ||     9
       Condenser vane    |       |       |       |     1 |     1 ||     2
  Use: Scroll            |       |     7 |     2 |     3 |     6 ||    18
       Potion            |       |       |     1 |    14 |     8 ||    23
 Stab: Sleeping          |     2 |       |     4 |     1 |     2 ||     9
       Paralysed         |       |       |       |     6 |    41 ||    47
       Invisible         |       |       |       |     2 |       ||     2
       Distracted        |       |       |       |       |     5 ||     5
Armor: Leather armour    |    19 |       |       |       |       ||    19
       Scale mail        |    13 |    25 |   145 |   372 |   621 ||  1176
       Skin              |       |       |       |     9 |    50 ||    59
Dodge: Dodged            |    36 |    25 |   117 |   245 |   476 ||   899
Block: Other             |       |       |       |    54 |   238 ||   292
       Reflection        |       |       |       |       |     7 ||     7

Table legend: (Time is in decaauts)
 A = Elapsed time spent in this place.
 B = Non-inter-level travel time spent in this place.
 C = Inter-level travel time spent in this place.
 D = Time resting spent in this place.
 E = Time spent auto-exploring this place.
 F = Levels seen in this place.
 G = Mean time per level.
                   A        B        C        D        E       F      G
               +--------+--------+--------+--------+--------+-----+--------+
         Total |  32911 |  31247 |   1664 |  10579 |  14116 |  26 | 1265.8 |
       Dungeon |  14914 |  14044 |    870 |   2342 |   9115 |  13 | 1147.2 |
        Temple |      1 |      1 |      0 |      0 |      0 |   1 |    1.0 |
          Lair |  11885 |  11243 |    642 |   4646 |   4304 |   5 | 2377.0 |
         Swamp |   2890 |   2739 |    151 |   1426 |    696 |   3 |  963.3 |
         Abyss |    407 |    407 |      0 |    173 |      0 |   1 |  407.0 |
         Sewer |    146 |    146 |      0 |      0 |      0 |   1 |  146.0 |
      Ice Cave |   1551 |   1551 |      0 |   1240 |      0 |   1 | 1551.0 |
      Gauntlet |   1112 |   1112 |      0 |    751 |      0 |   1 | 1112.0 |
               +--------+--------+--------+--------+--------+-----+--------+

Top non-repeatable levels by time:
  Lair:5: 3835 daAuts
  Lair:4: 3174 daAuts
    D:13: 2429 daAuts
  Lair:3: 1769 daAuts
  Lair:2: 1575 daAuts
    D:12: 1560 daAuts
   IceCv: 1551 daAuts
  Lair:1: 1531 daAuts
     D:5: 1420 daAuts
 Swamp:1: 1414 daAuts
 Swamp:2: 1376 daAuts
     D:8: 1204 daAuts
    D:11: 1130 daAuts
Gauntlet: 1112 daAuts
    D:10: 1098 daAuts
